 Dungeon Crawl Stone Soup version 0.24-a0-278-gefa1973 (webtiles) character file.

Game seed: 15725355655548708485

18761 Hasart the Arsonist (level 12, -1/59 HPs)
             Began as a Deep Elf Fire Elementalist on Apr 30, 2019.
             Was a High Priest of Sif Muna.
             Slain by a crocodile (3 damage)
             ... while petrified by a basilisk
             ... on level 3 of the Lair of Beasts.
             The game lasted 00:39:50 (16529 turns).

Hasart the Arsonist (Deep Elf Fire Elementalist)   Turns: 16529, Time: 00:39:51

Health: -1/59      AC:  6    Str:  9    XL:     12   Next: 30%
Magic:  14/28      EV:  2    Int: 26    God:    Sif Muna [*****.]
Gold:   936        SH:  0    Dex: 17    Spells: 16/32 levels left

rFire    . . .     SeeInvis +   D - +0 rapier
rCold    . . .     Gourm    .   (no shield)
rNeg     + + +     Faith    +   a - +0 robe
rPois    ∞         Spirit   .   (no helmet)
rElec    .         Reflect  .   G - +0 cloak
rCorr    .         Harm     .   J - +2 pair of gloves
MR       .....                  (no boots)
Stlth    ++........             N - amulet of faith
HPRegen  0.19/turn              R - ring "Sufob" {+Fly MR- Str+4 Dex+2 SInv}
MPRegen  0.21/turn              g - ring of poison resistance

@: petrified, very slightly contaminated, studying Transmutations
A: no striking features
a: Divine Energy, Channel Magic, Forget Spell, Renounce Religion, Evoke Flight


You were on level 3 of the Lair of Beasts.
You worshipped Sif Muna.
Sif Muna was extremely pleased with you.
You were hungry.

You visited 3 branches of the dungeon, and saw 14 of its levels.
You also visited: Sewer.

You collected 936 gold pieces.

Inventory:

Hand Weapons
 D - a +0 rapier (weapon)
Armour
 a - a +0 robe (worn)
 G - a +0 cloak (worn)
 J - a +2 pair of gloves (worn)
Jewellery
 e - an uncursed ring of see invisible
 g - a ring of poison resistance (right hand)
 p - an uncursed ring of protection from magic
 v - an uncursed amulet of the acrobat
 y - an uncursed ring of positive energy
 N - an amulet of faith (around neck)
 O - an uncursed ring of resist corrosion
 P - an uncursed ring of flight
 R - the ring "Sufob" (left hand) {+Fly MR- Str+4 Dex+2 SInv}
   (You found it on level 2 of the Lair of Beasts)

   [ring of dexterity]

   It affects your strength (+4).
   It affects your dexterity (+2).
   It affects your resistance to hostile enchantments.
   It lets you see invisible.
   It lets you fly.
Wands
 A - a wand of clouds (6)
 H - a wand of random effects (19)
 I - a wand of digging (16)
 M - a wand of acid (15)
 T - a wand of polymorph (4)
Scrolls
 b - 3 scrolls of immolation {unknown}
 d - a scroll of teleportation
 f - a scroll of blinking
 h - 3 scrolls of magic mapping
 i - 2 scrolls of fog
 k - 16 scrolls of identify
 l - 3 scrolls of amnesia
 n - 5 scrolls of remove curse
 s - a scroll of random uselessness {unknown}
 u - a scroll of fear {unknown}
 x - 4 scrolls of enchant weapon {unknown}
 B - 2 scrolls of enchant armour {unknown}
 K - 2 scrolls of brand weapon {unknown}
 L - a scroll of silence {unknown}
Potions
 j - a potion of lignification
 m - 2 potions of cancellation {unknown}
 o - a potion of curing {unknown}
 q - 7 potions of brilliance {unknown}
 r - 3 potions of flight {unknown}
 t - 2 potions of heal wounds {unknown}
 w - 3 potions of mutation {unknown}
 z - a potion of berserk rage {unknown}
 C - 3 potions of degeneration {unknown}
 F - a potion of magic {unknown}
 Q - a potion of invisibility {unknown}
Books
 E - a manual of Transmutations
Comestibles
 c - 17 rations


   Skills:
 + Level 9.9 Dodging
 - Level 2.4 Stealth
 + Level 10.9 Spellcasting
 * Level 12.3 Conjurations
 * Level 12.6 Fire Magic
 + Level 4.5 Earth Magic
 + Level 3.5 Invocations


You had 16 spell levels left.
You knew the following spells:

 Your Spells              Type           Power        Failure   Level  Hunger
a - Flame Tongue          Conj/Fire      #####        1%          1    None
b - Sticky Flame          Conj/Fire      ######..     1%          4    None
c - Fireball              Conj/Fire      ######....   1%          5    ###....
d - Shock                 Conj/Air       ####         1%          1    None
e - Bolt of Magma         Conj/Fire/Erth ######....   1%          5    ###....

Your spell library contained the following spells:

 Spells                   Type           Power        Failure   Level  Hunger
 Throw Flame              Conj/Fire      ######       1%          2    None
 Conjure Flame            Conj/Fire      ######..     1%          3    None
 Inner Flame              Hex/Fire       #####...     1%          3    None
 Static Discharge         Conj/Air       #####...     1%          3    None
 Mephitic Cloud           Conj/Pois/Air  #####...     2%          3    None
 Bolt of Fire             Conj/Fire      ######....   3%          6    #####..
 Beastly Appendage        Tmut           ##....       4%          1    None
 Summon Butterflies       Summ           ##......     4%          1    None
 Poisonous Vapours        Pois/Air       ##....       6%          2    None
 Swiftness                Chrm/Air       ##......     6%          2    None
 Irradiate                Conj/Tmut      #####.....   10%         5    ###....
 Lightning Bolt           Conj/Air       #####.....   10%         5    ###....
 Call Canine Familiar     Summ           ##......     13%         3    None
 Airstrike                Air            ##........   38%         4    None
 Summon Ice Beast         Ice/Summ       ##......     38%         4    None
 Conjure Ball Lightning   Conj/Air       #####.....   45%         6    #####..
 Summon Mana Viper        Hex/Summ       ##......     75%         5    ###....
 Dragon Form              Tmut           ##........   100%        7    ######.
 Summon Hydra             Summ           ##........   100%        7    ######.


Dungeon Overview and Level Annotations

Branches:
Dungeon (10/15)            Temple (1/1) D:4            Lair (3/6) D:8
  Swamp: Lair:2-4    Shoals: Lair:2-4     Snake: Lair:2-4    Spider: Lair:2-4
    Orc: D:9-12

Altars:
Ashenzari
Dithmenos
Fedhas
Gozag
Kikubaaqudgha
Makhleb
Nemelex Xobeh
Okawaru
Qazlal
Ru
Sif Muna
Trog
Uskayaw
Vehumet
Wu Jian
Xom
Zin
The Shining One


Message History

* * * LOW HITPOINT WARNING * * *
The crocodile bites you!
* * * LOW HITPOINT WARNING * * *
You turn to flesh and can move again.
Unknown command.
Blink to where?
Press: ? - help, Dir - move target cursor You are very lightly contaminated with residual magic.
As you read the scroll of blinking, it crumbles to dust.
The basilisk gazes at you.
You are slowing down.
The basilisk hisses menacingly.
The basilisk gazes at you.
Your limbs have turned to stone.
You have turned to stone.
The crocodile bites you but does no damage.
The crocodile bites you!
* * * LOW HITPOINT WARNING * * *
The basilisk gazes at you. The crocodile bites you.
You die...

........................####
.....................÷.....#.#
..............................
......................####.##.
.............P.###.##.P# #####
.............##.#####..#######
..............######...P#.#.##
#P.........#.P..##..........
###.......t@................
#..#.##.l.................
#..####....##.##.†####.##. #..
#...#.#####..# ##### #.#
##...## ##..## .. #...#
#....#######
....####..#######..........
...........................
.................P..###..


You could see a basilisk and a crocodile.

Vanquished Creatures
  3 hydras
  A queen ant (Lair:2)
  A death yak (Lair:2)
  2 two-headed ogres
  Pikel (D:7)
  3 oklob plants (Lair:2)
  Maurice (D:8)
  A black mamba (Lair:3)
  8 spiny frogs
  Prince Ribbit (D:8)
  Grinder (D:6)
  4 hippogriffs
  A spriggan (D:7)
  9 yaks
  Menkaure (D:4)
  8 soldier ants
  3 water moccasins
  7 porcupines
  Purgy (D:3)
  A hornet zombie (D:9)
  2 ice beasts
  4 orc warriors
  5 black bears
  2 ogres
  A phantom (D:9)
  5 wolves (Lair:2)
  3 centaurs (D:6)
  5 crocodiles
  7 bullfrogs
  2 scorpions
  8 killer bees
  An electric eel (Lair:1)
  A centaur zombie (D:7)
  7 crimson imps
  3 hounds
  2 jellies
  5 orc priests
  7 orc wizards
  2 iguanas
  A bullfrog skeleton (D:5)
  3 centaur skeletons
  17 worker ants
  A statue (D:8)
  A hound zombie (D:7)
  2 worker ant zombies
  17 adders
  A river rat (D:5)
  3 worms
  A dart slug (D:1)
  9 leopard geckos
  38 orcs
  14 bats
  7 giant cockroaches
  6 goblins
  4 hobgoblins
  8 jackals
  4 quokkas
  6 ball pythons
  10 frilled lizards
  11 kobolds
  A leopard gecko zombie (D:5)
  10 rats
  A fungus (D:8)
  2 plants (Lair:2)
308 creatures vanquished.

Vanquished Creatures (others)
  A slave (D:7)
  A hound (D:7)
  A giant cockroach (D:7)
  25 fungi
  3 plants
31 creatures vanquished.

Grand Total: 339 creatures vanquished

Notes
Turn   | Place    | Note
-------+----------+-------------------------------------------
     0 | D:1      | Hasart the Deep Elf Fire Elementalist began the quest for
                  | the Orb.
     0 | D:1      | Reached XP level 1. HP: 10/10 MP: 6/6
   256 | D:1      | Reached XP level 2. HP: 3/15 MP: 0/8
   778 | D:1      | Reached XP level 3. HP: 19/19 MP: 5/9
  1532 | D:2      | Reached XP level 4. HP: 19/24 MP: 5/11
  1845 | D:2      | Learned a level 4 spell: Sticky Flame
  1925 | D:2      | Found a burning altar of Makhleb.
  1928 | D:2      | Found a sacrificial altar of Ru.
  1929 | D:2      | Found a glowing golden altar of the Shining One.
  2146 | D:2      | Found a blossoming altar of Fedhas.
  2148 | D:2      | Found an ornate altar of the Wu Jian Council.
  2745 | D:3      | Found a shattered altar of Ashenzari.
  2800 | D:3      | Reached XP level 5. HP: 28/28 MP: 7/12
  3024 | D:3      | Noticed Purgy
  3036 | D:3      | Killed Purgy
  3036 | D:3      | Reached skill level 5 in Fire Magic
  3122 | D:3      | Reached XP level 6. HP: 32/32 MP: 12/14
  3784 | D:4      | Found a shadowy altar of Dithmenos.
  3847 | D:4      | Noticed Menkaure
  3854 | D:4      | Killed Menkaure
  4116 | D:4      | Found a staircase to the Ecumenical Temple.
  4273 | Temple   | Entered the Ecumenical Temple
  4301 | Temple   | Became a worshipper of Sif Muna the Loreminder
  4347 | D:5      | Entered Level 5 of the Dungeon
  4350 | D:5      | Reached XP level 7. HP: 33/36 MP: 6/16
  4452 | D:5      | Reached skill level 5 in Spellcasting
  4508 | D:5      | Found a glowing drain.
  4516 | Sewer    | Entered a sewer
  4783 | Sewer    | Learned a level 5 spell: Fireball
  4806 | Sewer    | Reached skill level 5 in Conjurations
  5069 | D:5      | Found a shimmering altar of Xom.
  5921 | D:5      | Learned a level 1 spell: Shock
  6681 | D:6      | Reached * piety under Sif Muna
  6769 | D:6      | Noticed a two-headed ogre
  6887 | D:6      | Reached skill level 5 in Dodging
  6982 | D:6      | Reached XP level 8. HP: 35/41 MP: 11/18
  7269 | D:6      | Noticed Grinder
  7276 | D:6      | Killed Grinder
  7382 | D:6      | Reached ** piety under Sif Muna
  7513 | D:6      | Killed a two-headed ogre
  7513 | D:6      | Reached XP level 9. HP: 45/45 MP: 2/21
  8388 | D:7      | Found a bloodstained altar of Trog.
  8468 | D:7      | Noticed Pikel
  8474 | D:7      | Killed Pikel
  8608 | D:7      | Reached *** piety under Sif Muna
  8746 | D:7      | Noticed a cyclops
  8747 | D:7      | Noticed a purple ugly thing
  8935 | D:8      | Reached XP level 10. HP: 42/50 MP: 17/24
  8981 | D:8      | Found a staircase to the Lair.
  9360 | D:8      | Reached skill level 10 in Fire Magic
  9366 | D:8      | Noticed Prince Ribbit
  9377 | D:8      | Killed Prince Ribbit
  9563 | D:8      | Noticed Maurice
  9572 | D:8      | Killed Maurice
  9572 | D:8      | Reached **** piety under Sif Muna
  9649 | D:8      | Found a radiant altar of Vehumet.
  9841 | D:8      | Found a glowing silver altar of Zin.
  9902 | D:8      | Reached skill level 10 in Conjurations
 10508 | D:9      | Found a stormy altar of Qazlal.
 11083 | D:9      | Noticed a two-headed ogre
 11093 | D:9      | Killed a two-headed ogre
 11528 | D:9      | Reached ***** piety under Sif Muna
 11772 | D:10     | Entered Level 10 of the Dungeon
 11830 | Lair:1   | Entered Level 1 of the Lair of Beasts
 11879 | Lair:1   | Identified Sif Muna's Guide on Torrid Weightlessness (Sif
                  | Muna gifted it to you on level 1 of the Lair of Beasts)
 11879 | Lair:1   | Received a gift from Sif Muna
 11887 | Lair:1   | Learned a level 5 spell: Bolt of Magma
 11901 | Lair:1   | Noticed a spiny frog
 11901 | Lair:1   | Noticed a spiny frog
 11913 | Lair:1   | Killed a spiny frog
 11953 | Lair:1   | Noticed a spiny frog
 11966 | Lair:1   | Killed a spiny frog
 11966 | Lair:1   | Reached XP level 11. HP: 47/54 MP: 16/26
 11968 | Lair:1   | Reached skill level 1 in Earth Magic
 12940 | Lair:2   | Reached skill level 10 in Spellcasting
 13236 | Lair:2   | Noticed an oklob plant
 13350 | Lair:2   | Noticed an oklob plant
 13486 | Lair:2   | Reached skill level 1 in Invocations
 13864 | Lair:2   | Killed an oklob plant
 14023 | Lair:2   | Killed an oklob plant
 14025 | Lair:2   | Noticed an oklob plant
 14253 | Lair:2   | Killed an oklob plant
 14291 | Lair:2   | Got a twitching copper ring
 14293 | Lair:2   | Identified the ring "Sufob" {+Fly MR- Str+4 Dex+2 SInv}
                  | (You found it on level 2 of the Lair of Beasts)
 14403 | Lair:2   | Noticed a queen ant
 14415 | Lair:2   | Killed a queen ant
 15034 | Lair:2   | Noticed a five-headed hydra
 15039 | Lair:2   | Killed a five-headed hydra
 15039 | Lair:2   | Identified Sif Muna's Reference Book on Mutagenic Toxins
                  | (Sif Muna gifted it to you on level 2 of the Lair of
                  | Beasts)
 15039 | Lair:2   | Received a gift from Sif Muna
 15331 | Lair:2   | Reached XP level 12. HP: 59/59 MP: 16/28
 15461 | Lair:2   | Got an iridescent great sword
 15462 | Lair:2   | Identified the cursed +1 great sword of Zookoe {flame,
                  | *Rage +Inv Dex+3} (You found it on level 2 of the Lair of
                  | Beasts)
 15757 | Lair:3   | Noticed a death yak
 15781 | Lair:2   | Killed a death yak
 16285 | Lair:3   | Noticed a seven-headed hydra
 16290 | Lair:3   | Killed a seven-headed hydra
 16506 | Lair:3   | Noticed a seven-headed hydra
 16510 | Lair:3   | Killed a seven-headed hydra
 16528 | Lair:3   | HP: 2/59 [crocodile (8)]
 16529 | Lair:3   | Slain by a crocodile

Levels and vault maps discovered:
D:1:      dpeg_arrival_tiny_d, layout_basic
D:2:      layout_basic, nicolae_overflow_hidden_temple, supply_closet_lemuel,
          minmay_misc_feat_alley, minmay_pentomino_z4
D:3:      layout_loops_ring, marbit_many_paths, minmay_misc_feat_x,
          grunt_ministairs_7, minmay_fractal_squares_5, uniq_purgy
D:4:      layout_gridville, kennysheep_mini_moat, temple_statues, first_ration,
          kennysheep_generic_room_3, uniq_menkaure
D:5:      layout_loops_ring, led_xom_imps, portal_sewer_entry_e,
          patterned_corridor
D:6:      layout_basic, minmay_manual_moon, uniq_grinder
D:7:      minmay_chambers_of_sevens, layout_rooms, bloody_trog,
          serial_corexii_hall, chequers_hall_statues_corner_a,
          chequers_hall_statues_wall_a, corexii_hall_statues_deadend,
          chequers_hall_statues_wall_a, the_bakery, minmay_the_grid_2x2
          [minmay_the_grid_zigzags, minmay_the_grid_square_x,
          minmay_the_grid_box_x, minmay_the_grid_prize_four_corners_diamond_b],
          uniq_duvessa, uniq_pikel
D:8:      layout_loops_corners, lemuel_crystal_altar, vehumet_statue,
          due_lair_maze_entry_diamond, small_statue_intersection, uniq_maurice,
          uniq_prince_ribbit1
D:9:      layout_roguey [special_room_orc], nicolae_qazlal_general_emergency,
          serial_glass, glass_columns_b, glass_columns_c, glass_columns_a,
          glass_columns_a, item_on_display_a, item_on_display_a,
          feat_on_display, due_unseen_surprise
D:10:     layout_gridville, basic_altar
Temple:   eino_wide_crystal_templ
Lair:1:   statuecave_lemuel, layout_cave_shapes
Lair:2:   layout_cave_pods, minmay_another_anthill, minmay_lair_oklob_chamber
Lair:3:   layout_small_grid

Skill      XL: |  1  2  3  4  5  6  7  8  9 10 11 12 |
---------------+-------------------------------------+-----
Conjurations   | 2 3 4 5 7 9 10 11 12 | 12.3
Dodging        | 3 4 5 6 7 8 9 |  9.9
Fire Magic     | 4 5 6 8 9 11 12 | 12.6
Spellcasting   | 4 5 7 8 9 10 | 10.9
Earth Magic    | 3 4 |  4.5
Invocations    | 2 3 |  3.5
Stealth        | |  2.4

Action                   |  1- 3 |  4- 6 |  7- 9 | 10-12 || total
-------------------------+-------+-------+-------+-------++-------
Melee: Unarmed           |     1 |       |    10 |       ||    11
       Flail             |       |       |   126 |       ||   126
       Rapier            |       |       |     7 |    27 ||    34
 Cast: Flame Tongue      |    71 |    97 |   115 |   243 ||   526
       Sticky Flame      |       |     6 |    24 |    44 ||    74
       Shock             |       |       |    27 |     9 ||    36
       Fireball          |       |       |    13 |    72 ||    85
Invok: Divine Energy     |       |       |     1 |       ||     1
       Stop Divine Energ |       |       |     1 |       ||     1
Evoke: Wand              |       |       |       |     1 ||     1
  Use: Scroll            |       |     7 |       |     3 ||    10
 Stab: Sleeping          |       |       |     1 |     1 ||     2
  Eat: Chunk             |     2 |     6 |    14 |    18 ||    40
       Ration            |       |     1 |     2 |     5 ||     8
Armor: Robe              |     7 |    14 |    46 |    17 ||    84
Dodge: Dodged            |    34 |    47 |   180 |    98 ||   359

Table legend:
 A = Non-vault XP
 B = Vault XP
 C = Vault XP percentage of total XP
 D = Non-vault monster count
 E = Vault monster count
 F = Vault count percentage of total count
                 A         B        C        D         E       F
            +---------+---------+-------+---------+---------+-------
      Total |   17583 |    9219 |  34.4 |     194 |     111 |  36.4
            +---------+---------+-------+---------+---------+-------
        D:1 |      49 |       0 |   0.0 |      27 |       0 |   0.0
        D:2 |      97 |      30 |  23.6 |      28 |       4 |  12.5
        D:3 |      42 |     180 |  81.1 |      12 |      11 |  47.8
        D:4 |     101 |     255 |  71.6 |       8 |       4 |  33.3
        D:5 |     226 |     116 |  33.9 |      10 |       9 |  47.4
        D:6 |    1564 |     974 |  38.4 |      15 |      11 |  42.3
        D:7 |     343 |    1061 |  75.6 |       9 |       7 |  43.8
        D:8 |     930 |    1778 |  65.7 |      16 |      12 |  42.9
        D:9 |    1960 |     382 |  16.3 |      25 |      24 |  49.0
     Lair:1 |    3318 |     165 |   4.7 |      15 |       1 |   6.2
     Lair:2 |    5081 |    4171 |  45.1 |      19 |      22 |  53.7
     Lair:3 |    3872 |       0 |   0.0 |      10 |       0 |   0.0
      Sewer |       0 |     107 | 100.0 |       0 |       6 | 100.0
            +---------+---------+-------+---------+---------+-------
